 Dungeon Crawl Stone Soup version 0.31-a0-523-g071a6c1ffa (webtiles) character file.

Game seed: 1129939460174538118

2821 LeprechaunX the Mimic (level 9, -2/58 HPs)
             Began as an Octopode Shapeshifter on Aug 12, 2023.
             Was an Initiate of Hepliaklqana.
             Slain by a killer bee (6 damage)
             ... on level 7 of the Dungeon.
             The game lasted 00:12:58 (7674 turns).

LeprechaunX the Mimic (Octopode Shapeshifter)       Turns: 7674, Time: 00:12:59

Health: -2/58      AC:  1    Str: 18    XL:     9   Next: 73%
Magic:  9/9        EV: 13    Int: 10    God:    Hepliaklqana [......]
Gold:   417        SH: 10    Dex: 13    Spells: 8/8 levels left

rFire   . .          .
                       - Unarmed
rCold   . . .        i - +0 buckler
rNeg    . . .        (helmet currently unavailable)
rPois   .            J - amulet of reflection
rElec   .            r - ring of resist corrosion
rCorr   +            (no ring)
SInv    .            (no ring)
Will    .....        (no ring)
Stlth   ++           (no ring)
HPRegen 0.29/turn    (no ring)
MPRegen 0.11/turn    (no ring)
                     (no ring)

%: reflection
@: lethally poisoned (-2 -> -6), beast-form
A: beast (slay +4), almost no armour, amphibious, 8 rings, camouflage 1,
gelatinous body 1, (nimble swimmer 1), tentacles
a: Begin Untransformation, Renounce Religion


You were on level 7 of the Dungeon.
You worshipped Hepliaklqana.
Hepliaklqana was noncommittal.
You were a hulking beast.
You visited 2 branches of the dungeon, and saw 8 of its levels.
You also visited: Sewer.

You collected 417 gold pieces.

Inventory:

Missiles
 t - 2 throwing nets
 E - 3 atropa-tipped darts
Armour
 i - a +0 buckler (worn)
Jewellery
 r - a ring of resist corrosion (left tentacle)
 J - an amulet of reflection (around mantle)
Talismans
 b - a beast talisman (active)
 c - a flux talisman
Wands
 s - a wand of charming (9)
 x - a wand of flame (25)
 I - a wand of roots (6)
Scrolls
 g - 3 scrolls of identify {unknown}
 h - 4 scrolls of fear {unknown}
 j - 2 scrolls of blinking {unknown}
 k - 2 scrolls of fog {unknown}
 l - 2 scrolls of teleportation {unknown}
 u - 3 scrolls of noise {unknown}
 w - a scroll of amnesia {unknown}
 y - 3 scrolls of summoning {unknown}
 C - a scroll of brand weapon {unknown}
 F - a scroll of immolation {unknown}
 G - a scroll of poison {unknown}
 H - 2 scrolls of revelation {unknown}
Potions
 a - 3 potions of lignification
 d - 5 potions of curing
 e - a potion of invisibility {unknown}
 f - a potion of haste {unknown}
 m - 3 potions of might {unknown}
 n - a potion of brilliance {unknown}
 o - 2 potions of mutation {unknown}
 p - 2 potions of cancellation {unknown}
 q - 2 potions of enlightenment {unknown}
 v - a potion of berserk rage {unknown}
 z - a potion of degeneration {unknown}
 A - a potion of heal wounds {unknown}
 B - a potion of resistance {unknown}


   Skills:
 + Level 4.0 Fighting
 - Level 3.0 Dodging
 - Level 5.0 Shields
 + Level 7.1 Unarmed Combat
 * Level 8.2 Shapeshifting


You had 8 spell levels left.
You didn't know any spells.
Your spell library contained the following spells:

 Spells                   Type           Power      Damage    Failure   Level
 Sting                    Tmut/Pois      0%         1d3       43%         1
 Blink                    Tloc           0%         N/A       56%         2
 Poisonous Vapours        Pois/Air       0%         N/A       56%         2
 Manifold Assault         Tloc           0%         N/A       99%         4
 Olgreb's Toxic Radiance  Pois           0%         N/A       99%         4


Dungeon Overview and Level Annotations

Branches:
Dungeon (7/15)             Temple (1/1) D:7           Sewer (visited)

Altars:
Ashenzari
Cheibriados
Elyvilon
Fedhas
Gozag
Hepliaklqana
Kikubaaqudgha
Makhleb
Nemelex Xobeh
Okawaru
Qazlal
Ru
Sif Muna
Trog
Uskayaw
Vehumet
Wu Jian
Xom
Yredelemnul
Zin
The Shining One

Shops:
D:2 **(((   D:4 *??[


Innate Abilities, Weirdness & Mutations

You are a hulking beast.
Your limbs bulge with bestial killing power. (Slay +4)
You cannot wear most types of armour.
You are amphibious.
You can wear up to eight rings at the same time.
Your skin changes colour to match your surroundings (Stealth+).
Your rubbery body absorbs attacks. (AC +1, EV +1)
((You are camouflaged when in or above water. (Stealth+)))
You have tentacles for arms and can constrict up to eight enemies at once.


Message History

You block the orc's attack.
You tentacle-slap the orc.
You kill the orc!
A killer bee comes into view. x2
You see here a +0 flail.
A killer bee comes into view.
Items here: )) [ †.
The killer bee buzzes angrily.
You hear an angry buzzing noise.
You block the killer bee's attack. The killer bee closely misses you.
You miss the killer bee. You grab the killer bee. You squeeze the killer bee.
The killer bee is moderately wounded.
You constrict the killer bee. You block the killer bee's attack.
You bludgeon the killer bee!
You kill the killer bee!
You block the killer bee's attack.
You barely miss the killer bee.
The killer bee buzzes angrily.
Your grab misses the killer bee. You squeeze the killer bee!
The killer bee is heavily wounded.
The killer bee stings you.
* * * LOW HITPOINT WARNING * * *
You are poisoned.
The killer bee poisons you! The killer bee misses you.
You miss the killer bee. You grab the killer bee.
The killer bee is heavily wounded.
You constrict the killer bee.
You feel very sick. The killer bee barely misses you.
You block the killer bee's attack.
You tentacle-slap the killer bee.
You kill the killer bee!
You feel sick. The killer bee stings you!
* * * LOW HITPOINT WARNING * * *
Your Fighting skill increases to level 4!
Unknown command.
You tentacle-slap the killer bee. You grab the killer bee.
The killer bee is lightly wounded.
You constrict the killer bee.
* * * LOW HITPOINT WARNING * * *
You feel sick. The killer bee stings you.
You die...

########## .........#
########.##############
#
.....#.#.....)).....##
# #........)#........ #
..?......###.#.####.##
##.........# #.#.#
##..###..... ..#h#
##..# #....##..#y#
##..# #....##..#.#
##..# #...........
##..###..... ....
.........# .....
##..###.# ##.#.
#......# ..#.. #..#####


You could see a killer bee.

Vanquished Creatures
  Pikel (D:5)
  Sigmund (D:3)
  Eustachio (D:4)
  Menkaure (D:4)
  A water moccasin (D:6)
  A black bear (D:5)
  2 ice beasts
  A lemure (D:5)
  A phantom (D:6)
  A kobold brigand (D:6)
  A scorpion (D:5)
  4 wights (D:7)
  5 killer bees
  5 hounds
  4 orc priests
  A jelly (D:7)
  A gnoll bouda (D:5)
  A sleepcap (D:7)
  Terence (D:3)
  5 iguanas
  3 orc wizards
  9 gnolls
  3 river rats (Sewer)
  9 adders
  A shadow imp (D:7)
  A white imp (D:6)
  2 worms
  3 dart slugs
  24 orcs
  8 bats
  3 endoplasms
  6 giant cockroaches
  6 goblins
  7 hobgoblins
  4 jackals
  19 kobolds
  7 quokkas
  10 ball pythons
  5 frilled lizards
  9 rats
178 creatures vanquished.

Notes
Turn   | Place    | Note
-------+----------+-------------------------------------------
     0 | D:1      | LeprechaunX the Octopode Shapeshifter began the quest for
                  | the Orb.
     0 | D:1      | Reached XP level 1. HP: 13/13 MP: 1/1
    79 | D:1      | Reached XP level 2. HP: 18/18 MP: 2/2
   366 | D:1      | Reached XP level 3. HP: 23/23 MP: 3/3
   636 | D:1      | Found a faded altar of an unknown god.
   666 | D:2      | Reached XP level 4. HP: 29/29 MP: 4/4
   982 | D:2      | Found Kaajy's Antique Weapon Shop.
  1011 | D:2      | Found Eschirche's Weapon Shoppe.
  1111 | D:2      | Found Gylaor's Antique Weapon Shoppe.
  1198 | D:2      | Found Beeche's Assorted Antiques.
  1213 | D:2      | Found Dokeaph's General Store.
  1342 | D:2      | Reached XP level 5. HP: 32/34 MP: 5/5
  1677 | D:3      | Found a glowing drain.
  1701 | Sewer    | Entered a sewer
  2014 | Sewer    | Reached skill level 1 in Shields
  2123 | Sewer    | Reached skill level 4 in Shapeshifting
  2410 | D:3      | Noticed Sigmund
  2416 | D:3      | Killed Sigmund
  2417 | D:3      | Reached XP level 6. HP: 32/42 MP: 6/6
  2563 | D:3      | Noticed Terence
  2572 | D:3      | Killed Terence
  3352 | D:4      | Noticed Menkaure
  3400 | D:4      | Noticed Eustachio
  3411 | D:4      | Reached XP level 7. HP: 42/46 MP: 7/7
  3788 | D:4      | Found Ninkech's Assorted Antiques.
  4012 | D:4      | Reached skill level 5 in Shapeshifting
  4050 | D:4      | Killed Menkaure
  4134 | D:4      | Killed Eustachio
  4135 | D:4      | Reached skill level 5 in Unarmed Combat
  4135 | D:4      | Reached XP level 8. HP: 49/52 MP: 8/8
  4309 | D:4      | Found Piorib's Magic Scroll Shop.
  4310 | D:4      | Found Dulontuo's Magic Scroll Shop.
  4310 | D:4      | Found Atem's Armour Shop.
  4625 | D:5      | Entered Level 5 of the Dungeon
  4634 | D:5      | Noticed Pikel
  4650 | D:5      | Killed Pikel
  4651 | D:5      | Reached skill level 6 in Shapeshifting
  4858 | D:5      | HP: 2/52 [gnoll/+0 spear[a gnoll bouda] (5)]
  5707 | D:5      | Found a shimmering altar of Xom.
  5707 | D:5      | Noticed an angel
  5708 | D:5      | Found a glowing silver altar of Zin.
  5713 | D:5      | Reached skill level 7 in Shapeshifting
  5713 | D:5      | Reached XP level 9. HP: 41/56 MP: 9/9
  5913 | D:5      | Found an iron altar of Okawaru.
  5913 | D:5      | Found a radiant altar of Vehumet.
  5913 | D:5      | Found a hide-covered altar of Uskayaw.
  5989 | D:5      | Reached skill level 5 in Shields
  7275 | D:7      | Found a staircase to the Ecumenical Temple.
  7295 | Temple   | Entered the Ecumenical Temple
  7310 | Temple   | Became a worshipper of Hepliaklqana the Forgotten
  7356 | D:7      | Noticed a troll
  7412 | D:7      | Found a white marble altar of Elyvilon.
  7456 | D:7      | Reached skill level 8 in Shapeshifting
  7510 | D:7      | Noticed a two-headed ogre
  7521 | D:7      | Noticed a komodo dragon
  7674 | D:7      | Slain by a killer bee

Illustrated notes

Levels and vault maps discovered:
D:1:      moated_graveyard_arrival, layout_basic,
          shapermc_ecumenical_altar_mp_urbaneastern, minmay_misc_feat_square
D:2:      layout_loops_ring, serial_shops, shop, shop,
          nicolae_shop_back_alley_shop, nicolae_shop_advertising_works
          [nicolae_subvault_shop_adworks], shop
D:3:      layout_basic, portal_sewer_entry_f, uniq_terence, uniq_sigmund
D:4:      layout_cave_pools, serial_shops, shop,
          nicolae_shop_distant_corner_stores, dk_vineyard_2,
          dk_rats_in_the_wall, uniq_eustachio, uniq_menkaure
D:5:      layout_loops_cross, grunt_temple_overflow_diamond,
          grunt_temple_overflow_order_and_chaos_1, uniq_pikel
D:6:      layout_basic
D:7:      layout_loops_ring, elyvilon_altar_3, kennysheep_mini_moat,
          minmay_temple_entry_mini_moons, nicolae_ossuary_entry_false_entrances,
          kb_rosetta
Temple:   nicolae_temple_bog_church

Skill      XL: |  1  2  3  4  5  6  7  8  9 |
---------------+----------------------------+-----
Fighting       | 2 3 4 |  4.0
Dodging        | 3 |  3.0
Shields        | 1 2 3 4 5 |  5.0
Shapeshifting  | 4 5 7 8 |  8.2
Unarmed Combat | 4 5 6 7 |  7.1

Action                     |  1- 3 |  4- 6 |  7- 9 || total
---------------------------+-------+-------+-------++-------
  Melee: Unarmed           |    48 |   143 |   208 ||   399
         Constrict         |    18 |    36 |    67 ||   121
         Tentacles         |    10 |    26 |    65 ||   101
         Punch             |       |     7 |     6 ||    13
    Use: Potion            |       |       |     2 ||     2
   Stab: Sleeping          |     3 |    13 |     3 ||    19
         Distracted        |       |       |     2 ||     2
 Armour: Skin              |     5 |     3 |     4 ||    12
  Dodge: Dodged            |    26 |    49 |   129 ||   204
  Block: Buckler           |       |    19 |    37 ||    56
         Reflection        |       |       |     1 ||     1
   Form: Flux              |       |       |     1 ||     1
         Beast             |       |       |     1 ||     1

Table legend: (Time is in decaauts)
 A = Elapsed time spent in this place.
 B = Non-inter-level travel time spent in this place.
 C = Inter-level travel time spent in this place.
 D = Time resting spent in this place.
 E = Time spent auto-exploring this place.
 F = Levels seen in this place.
 G = Mean time per level.
                   A        B        C        D        E       F      G
               +--------+--------+--------+--------+--------+-----+--------+
         Total |   7649 |   7200 |    449 |   1213 |   4536 |   9 |  849.9 |
       Dungeon |   6973 |   6548 |    425 |   1145 |   4142 |   7 |  996.1 |
        Temple |     39 |     15 |     24 |      0 |      0 |   1 |   39.0 |
         Sewer |    636 |    636 |      0 |     68 |    394 |   1 |  636.0 |
               +--------+--------+--------+--------+--------+-----+--------+

Top non-repeatable levels by time:
     D:3: 1602 daAuts
     D:5: 1399 daAuts
     D:4: 1124 daAuts
     D:6: 1048 daAuts
     D:2: 782 daAuts
     D:1: 659 daAuts
   Sewer: 636 daAuts
     D:7: 355 daAuts
  Temple: 39 daAuts
